 Dungeon Crawl Stone Soup version 0.26.1-11-gd32895ea62 (webtiles) character file.

Game seed: 17202381200252984625

410 Almogavar the Digger (level 6, 0/34 HPs)
             Began as a Gargoyle Earth Elementalist on May 25, 2021.
             Was an Initiate of Okawaru.
             Slain by a gnoll
             ... wielding a +0 halberd
              (5 damage)
             ... on level 4 of the Dungeon.
             The game lasted 00:14:48 (4198 turns).

Almogavar the Digger (Gargoyle Earth Elementalist)  Turns: 4198, Time: 00:14:48

Health: 0/34       AC: 10    Str: 17    XL:     6   Next: 89%
Magic:  9/12       EV: 12    Int: 18    God:    Okawaru [......]
Gold:   121        SH:  0    Dex: 10    Spells: 9/13 levels left

rFire    . . .     SeeInvis .   l - +0 flail
rCold    . . .     Faith    .   (no shield)
rNeg     + . .     Spirit   .   c - +0 robe
rPois    ∞         Reflect  .   (no helmet)
rElec    +         Harm     .   (no cloak)
rCorr    .         Rampage  .   (no gloves)
Will     .....                  (no boots)
Stlth    ++........             n - amulet of regeneration
HPRegen  0.51/turn              r - +4 ring of protection
MPRegen  0.13/turn              i - +6 ring of strength

@: no status effects
A: negative energy resistance 1, electricity resistance, unbreathing,
petrification resistance, miasma immunity, AC +4
a: Renounce Religion


You were on level 4 of the Dungeon.
You worshipped Okawaru.
Okawaru was noncommittal.
You visited 1 branch of the dungeon, and saw 4 of its levels.

You collected 121 gold pieces.

Inventory:

Hand Weapons
 l - a +0 flail (weapon)
Missiles
 b - 69 stones
 e - 9 bolts
Armour
 c - a +0 robe (worn)
 h - a +0 leather armour
 k - a +0 ring mail
 s - a +0 chain mail of cold resistance
Jewellery
 g - an uncursed ring of flight
 i - a +6 ring of strength (right hand)
 n - an amulet of regeneration (around neck)
 r - a +4 ring of protection (left hand)
Scrolls
 a - a scroll of amnesia
 j - a scroll of enchant weapon
 o - a scroll of blinking {unknown}
 q - a scroll of magic mapping
Potions
 d - 2 potions of might
 f - a potion of lignification
 m - 2 potions of cancellation {unknown}
 p - 2 potions of magic {unknown}


   Skills:
 + Level 1.5 Fighting
 + Level 1.8 Maces & Flails
 + Level 2.1 Dodging
 + Level 3.2 Stealth
 + Level 4.1 Spellcasting
 + Level 0.7 Transmutations
 + Level 5.9 Earth Magic


You had 9 spell levels left.
You knew the following spells:

 Your Spells              Type           Power        Failure   Level
a - Sandblast             Erth           50%          1%          1
b - Stone Arrow           Conj/Erth      28%          13%         3

Your spell library contained the following spells:

 Spells                   Type           Power        Failure   Level
 Passwall                 Tmut/Erth      12%          5%          2
 Lee's Rapid Deconstruct  Erth           12%          34%         5
 Petrify                  Tmut/Erth      15%          36%         4


Dungeon Overview and Level Annotations

Branches:
Dungeon (4/15)
 Temple: D:4-7

Altars:
Gozag
Hepliaklqana
Okawaru
Qazlal
Sif Muna
Vehumet
Wu Jian


Innate Abilities, Weirdness & Mutations

You are resistant to torment.
Your stone body is resilient. (AC +4)
You are immune to poison.
You resist negative energy. (rN+)
You are resistant to electric shocks. (rElec)
You can survive without breathing.
You are immune to petrification.
You are immune to miasma.


Message History

Aim: a gnoll shaman, wielding a +0 club and wearing a +0 robe (heavily wounded, 17% to evade)
The blast of sand misses the gnoll shaman.
The gnoll barely misses you.
The gnoll shaman calls upon its god to heal the gnoll.
The gnoll's wounds heal themselves!
The gnoll hits you but does no damage.
Casting: Sandblast (safe; 1% risk of failure)
Confirm with . or Enter, or press ? or * to list all spells.
Aiming: Sandblast (safe; 1% risk of failure)
Press: ? - help, Shift-Dir - straight line, f/p - gnoll shaman
Aim: a gnoll shaman, wielding a +0 club and wearing a +0 robe (heavily wounded, 17% to evade)
The blast of sand hits the gnoll shaman!
You kill the gnoll shaman!
Okawaru accepts your kill.
The gnoll hits you from afar with a +0 halberd.
* * * LOW HITPOINT WARNING * * *
A puff of flame appears from out of thin air!
The puff of flame hits you.
* * * LOW HITPOINT WARNING * * *
The gnoll hits you from afar with a +0 halberd.
You die...

#..###.##.# #.........
....#......#
#.........
#.#.#.#..####.........
#.#...#...............
#
#.#.###.###...........
#. #.#.# #.#
#........... #.. #.###
#.# #..#.......#
#...#.#####.#
#..#.#####.#
#....{)g.@..# #..#.#
#..
#.#############..#.#
### .........#.#######
####.##.#......
#.......#<....#
#.....###.###.#
###.........#
#.#..##.#.#
#.#..##...#


You could see a gnoll (fast).

Vanquished Creatures
  A phantom (D:3)
  An orc priest (D:3)
  An orc wizard (D:3)
  A gnoll shaman (D:4)
  An iguana (D:4)
  A howler monkey zombie (D:3)
  2 gnolls (D:4)
  8 adders
  An adder skeleton (D:4)
  2 worms (D:3)
  3 dart slugs
  3 leopard geckos
  7 orcs
  13 bats
  6 giant cockroaches
  11 goblins
  6 hobgoblins
  8 jackals
  2 quokkas (D:2)
  2 ball pythons
  5 frilled lizards
  8 kobolds
  A rat (D:3)
94 creatures vanquished.

Notes
Turn   | Place    | Note
-------+----------+-------------------------------------------
     0 | D:1      | Almogavar the Gargoyle Earth Elementalist began the quest
                  | for the Orb.
     0 | D:1      | Reached XP level 1. HP: 10/10 MP: 3/3
   214 | D:1      | Reached XP level 2. HP: 15/15 MP: 3/5
   399 | D:1      | Reached skill level 4 in Earth Magic
   714 | D:1      | Reached XP level 3. HP: 17/19 MP: 6/6
  1746 | D:2      | Reached XP level 4. HP: 24/24 MP: 6/8
  1780 | D:2      | Learned a level 3 spell: Stone Arrow
  2913 | D:3      | Reached XP level 5. HP: 28/28 MP: 7/10
  3030 | D:3      | Reached skill level 5 in Earth Magic
  3175 | D:3      | Noticed a phantom
  3190 | D:3      | Killed a phantom
  3191 | D:3      | Reached skill level 1 in Fighting
  3191 | D:3      | Reached XP level 6. HP: 19/34 MP: 7/12
  3356 | D:3      | Found an ornate altar of the Wu Jian Council.
  3356 | D:3      | Found an iron altar of Okawaru.
  3365 | D:3      | Became a worshipper of Warmaster Okawaru
  3468 | D:3      | Found a stormy altar of Qazlal.
  3468 | D:3      | Found a shimmering blue altar of Sif Muna.
  3509 | D:3      | Found an opulent altar of Gozag.
  3511 | D:3      | Found a faded altar of an unknown god.
  3513 | D:3      | Found a radiant altar of Vehumet.
  3646 | D:3      | Reached skill level 1 in Maces & Flails
  3840 | D:4      | Found a hazy altar of Hepliaklqana.
  4198 | D:4      | Slain by a gnoll

Illustrated notes

Levels and vault maps discovered:
D:1:      dpeg_arrival_pits, layout_loops_ring, st_stairs_14
D:2:      layout_loops_corners
D:3:      layout_rooms, chequers_temple_overflow_minitemple,
          gammafunk_temple_overflow_statue
D:4:      layout_basic, nzn_hepliaklqana_mist_gate

Skill      XL: |  1  2  3  4  5  6 |
---------------+-------------------+-----
Earth Magic    | 4 5 |  5.9
Spellcasting   | 3 4 |  4.1
Fighting       | 1 |  1.5
Dodging        | 2 |  2.1
Stealth        | 3 |  3.2
Maces & Flails | 1 |  1.8
Transmutations | |  0.7

Action                   |  1- 3 |  4- 6 || total
-------------------------+-------+-------++-------
Melee: Dagger            |    83 |       ||    83
       Whip              |       |    15 ||    15
       Flail             |       |    85 ||    85
 Cast: Sandblast         |    26 |    63 ||    89
  Use: Scroll            |     5 |     3 ||     8
 Stab: Sleeping          |       |     1 ||     1
Armor: Robe              |    38 |    47 ||    85
Dodge: Dodged            |    71 |   101 ||   172
